 Dungeon Crawl Stone Soup version 0.24-a0-462-ge24419a6ad (console) character file.

Game seed: 11776056721382602831

25 Lexodia the Chopper (level 3, -1/33 HPs)
             Began as a Hill Orc Monk on July 1, 2019.
             Slain by a bullfrog (3 damage)
             ... on level 3 of the Dungeon.
             The game lasted 00:01:40 (626 turns).

Lexodia the Chopper (Hill Orc Monk)                  Turns: 626, Time: 00:01:41

Health: -1/33      AC:  4    Str: 19    XL:     3   Next: 4%
Magic:  3/3        EV: 13    Int: 12    God:
Gold:   5          SH:  0    Dex: 13    Spells: 2/2 levels left

rFire    + . .     SeeInvis .   a - +0 hand axe
rCold    + . .     Gourm    .   (no shield)
rNeg     . . .     Faith    .   b - +0 robe
rPois    +         Spirit   .   h - +1 helmet
rElec    +         Reflect  .   (no cloak)
rCorr    +         Harm     .   (no gloves)
MR       .....                  (no boots)
Stlth    ++........             (no amulet)
HPRegen  0.11/turn              g - +2 ring of intelligence
MPRegen  0.08/turn              (no ring)

@: mighty, resistant
A: no striking features
a: no special abilities


You were on level 3 of the Dungeon.
You were not hungry.

You visited 1 branch of the dungeon, and saw 3 of its levels.

You collected 5 gold pieces.

Inventory:

Hand Weapons
 a - a +0 hand axe (weapon)
Armour
 b - a +0 robe (worn)
 h - a +1 helmet (worn)
Jewellery
 g - a +2 ring of intelligence (left hand)
Scrolls
 e - a scroll of magic mapping {unknown}
 f - a scroll of teleportation {unknown}
 i - 2 scrolls of identify {unknown}
Potions
 k - a potion of might
Comestibles
 c - 3 rations
 d - 10 chunks of flesh


   Skills:
 + Level 4.1 Fighting
 + Level 4.6 Axes
 + Level 2.6 Dodging
 + Level 1.7 Stealth


You had 2 spell levels left.
You didn't know any spells.
Your spell library was empty.

Dungeon Overview and Level Annotations

Branches:
Dungeon (3/15)

Altars:


Message History

You hit the bullfrog.
The bullfrog is lightly wounded.
The bullfrog hits you!
* * * LOW HITPOINT WARNING * * *
The bullfrog closely misses you.
Huge Dmg: -21%(-7hp) hp: 28%(9hp)
You barely miss the bullfrog.
The bullfrog is lightly wounded.
The bullfrog barely misses you. The bullfrog hits you.
* * * LOW HITPOINT WARNING * * *
Huge Dmg: -15%(-5hp) hp: 13%(4hp) It was a potion of might.
You feel very mighty all of a sudden. The bullfrog hits you.
* * * LOW HITPOINT WARNING * * *
Huge Dmg: -6%(-2hp) hp: 7%(2hp) It was a potion of resistance.
You feel protected. The bullfrog hits you.
You die...

#.. ......≈≈≈..≈ #.#
#..###....## #.#
#..##...### #.#
#..#.....# #.#
#........# #.#
#.##.....#
#########.###.###...##
....%..$......# ##.##
.######@............#
#F#.###.####[.# #.#.#
#.# #..# #.#.# #.#
..... ..# ..##. ###
...# .. ....


You could see a bullfrog.

Vanquished Creatures
  A dart slug (D:1)
  3 giant cockroaches (D:1)
  2 goblins
  3 hobgoblins
  A kobold (D:1)
  2 quokkas (D:3)
  A ball python (D:2)
  2 bats
  3 frilled lizards
  3 rats
21 creatures vanquished.

Notes
Turn   | Place    | Note
-------+----------+-------------------------------------------
     0 | D:1      | Lexodia the Hill Orc Monk began the quest for the Orb.
     0 | D:1      | Reached XP level 1. HP: 19/19 MP: 1/1
   139 | D:1      | Huge Dmg: 4 dmg
   143 | D:1      | Huge Dmg: 3 dmg
   149 | D:1      | Huge Dmg: 3 dmg
   244 | D:1      | Huge Dmg: 4 dmg
   244 | D:1      | Reached XP level 2. HP: 10/27 MP: 2/2
   556 | D:3      | Reached XP level 3. HP: 28/33 MP: 3/3
   613 | D:3      | Noticed a bullfrog
   619 | D:3      | Huge Dmg: 7 dmg
   624 | D:3      | Huge Dmg: 7 dmg
   625 | D:3      | Huge Dmg: 5 dmg
   626 | D:3      | Huge Dmg: 2 dmg
   626 | D:3      | Slain by a bullfrog

Levels and vault maps discovered:
D:1:      minmay_arrival_nine_rooms, layout_basic
D:2:      layout_loops_ring, nicolae_overflow_crystal_walls, eino_tiny_chamber,
          minmay_quadrilaterals
D:3:      cheibrodos_old_hovel, layout_loops_ring, first_ration, serial_rivers,
          chequers_serial_rivers_marsh, chequers_serial_rivers_large_a,
          chequers_serial_rivers_small_b, chequers_serial_rivers_micro_a,
          chequers_serial_rivers_room_a, chequers_serial_rivers_micro_e

Skill      XL: |  1 |
---------------+----+-----
Fighting       | 4 |  4.1
Axes           | |  4.6
Dodging        | |  2.6
Stealth        | |  1.7

Action                   || total
-------------------------++-------
Melee: Hand axe          ||    83
  Use: Potion            ||     2
 Stab: Sleeping          ||     3
Armor: Robe              ||    21
Dodge: Dodged            ||    53

Table legend:
 A = Non-vault XP
 B = Vault XP
 C = Vault XP percentage of total XP
 D = Non-vault monster count
 E = Vault monster count
 F = Vault count percentage of total count
                 A         B        C        D         E       F
            +---------+---------+-------+---------+---------+-------
      Total |      36 |       0 |   0.0 |      21 |       0 |   0.0
            +---------+---------+-------+---------+---------+-------
        D:1 |      23 |       0 |   0.0 |      13 |       0 |   0.0
        D:2 |       5 |       0 |   0.0 |       3 |       0 |   0.0
        D:3 |       8 |       0 |   0.0 |       5 |       0 |   0.0
            +---------+---------+-------+---------+---------+-------
